TOP OF THE 1ST |
---|
Rutgers Scarlet Knights batting - Pitching for Iowa State Cyclones : RHP Ray Reyes | Pitching: RHP Ray Reyes | | Batting: SHB Pat Brock | 0-0: Ball 1-0: Ball 2-0: Called Strike 2-1: Swinging Strike 2-2: Foul Ball, location: 2F 2-2: Foul Ball, location: 2F 2-2: Strikes out swinging | Batting: LHB Andre Montgomery | 0-0: Ball 1-0: Ball 2-0: Swinging Strike 2-1: Ground out U3 (Groundball, 3) | Batting: RHB Howard Battle | 0-0: Ball 1-0: Called Strike 1-1: Swinging Strike 1-2: Strikes out swinging | Top of the 1st over - 0 runs, 0 hits, 0 errors, 0 left on base; Rutgers 0 - Iowa State 0 | BOTTOM OF THE 1ST |
---|
Iowa State Cyclones batting - Pitching for Rutgers Scarlet Knights : RHP Steven Lawson | Pitching: RHP Steven Lawson | | Batting: LHB Mike O'Bryan | 0-0: Ball 1-0: Ball 2-0: Foul Ball, location: 2F 2-1: Ball 3-1: Base on Balls | Batting: RHB Carlos Santana | 0-0: Called Strike 0-1: Ball 1-1: Fly out, F7 (Flyball, 78S) | Batting: SHB Ralph Marshall | 0-0: Ball Mike O'Bryan steals 2nd base 1-0: Foul Ball, location: 2F 1-1: Ball 2-1: Ball 3-1: Base on Balls | Batting: LHB Alberto Paz | 0-0: Ball 1-0: Foul Ball, location: 2F 1-1: Called Strike 1-2: Foul Ball, location: 2F 1-2: SINGLE (Line Drive, 6MD) Mike O'Bryan to third Ralph Marshall to second | Batting: LHB Geoffrey Poole | 0-0: Called Strike 0-1: Ball 1-1: Ball 2-1: Ball 3-1: Base on Balls Mike O'Bryan scores Ralph Marshall to third Alberto Paz to second | Batting: LHB Marty Gómez | 0-0: Ball 1-0: SINGLE (Line Drive, 4MD) Ralph Marshall scores Alberto Paz to third Geoffrey Poole to second | Batting: RHB Ollie Johnson | 0-0: SINGLE (Line Drive, 56) Alberto Paz scores Geoffrey Poole to third Marty Gómez to second | Batting: LHB Dale González | 0-0: Called Strike 0-1: Ball 1-1: Called Strike 1-2: Strikes out swinging | Batting: RHB Jimmy Stokes | 0-0: Ball 1-0: Foul Ball, location: 2F 1-1: Ball 2-1: SINGLE (Line Drive, 89S) Geoffrey Poole scores Marty Gómez to third Ollie Johnson to second Runner from 3rd tries for Home, SAFE, throw made home | Batting: LHB Mike O'Bryan | 0-0: Ball 1-0: Fielders Choice at 2nd, 5-4 (Groundball, 56) | Bottom of the 1st over - 5 runs, 4 hits, 0 errors, 2 left on base; Rutgers 0 - Iowa State 5 | TOP OF THE 2ND |
---|
Rutgers Scarlet Knights batting - Pitching for Iowa State Cyclones : RHP Ray Reyes | Batting: RHB Harry Wilkins | 0-0: Ball 1-0: SINGLE (Line Drive, 7S) | Batting: RHB Randy Guthrie | 0-0: Called Strike 0-1: Ball 1-1: Called Strike 1-2: Foul Ball, location: 2F 1-2: Foul Ball, location: 2F 1-2: Strikes out looking | Batting: RHB Michael Gibson | 0-0: Called Strike 0-1: Swinging Strike 0-2: Strikes out swinging | Batting: RHB Joseph McCarteney | 0-0: Ball 1-0: Ball 2-0: Called Strike 2-1: Called Strike 2-2: Foul Ball, location: 2F 2-2: Ball 3-2: Strikes out looking | Top of the 2nd over - 0 runs, 1 hit, 0 errors, 1 left on base; Rutgers 0 - Iowa State 5 | BOTTOM OF THE 2ND |
---|
Iowa State Cyclones batting - Pitching for Rutgers Scarlet Knights : RHP Steven Lawson | Batting: RHB Carlos Santana | 0-0: Called Strike 0-1: Ball 1-1: SINGLE (Flyball, 9S) | Batting: SHB Ralph Marshall | 0-0: Called Strike 0-1: Ball 1-1: Foul Ball, location: 2F 1-2: Strikes out swinging | Batting: LHB Alberto Paz | 0-0: Fielders Choice at 2nd, 5-4 (Groundball, 56) | Batting: LHB Geoffrey Poole | 0-0: Ball 1-0: Fly out, F7 (Flyball, 7LS) | Bottom of the 2nd over - 0 runs, 1 hit, 0 errors, 1 left on base; Rutgers 0 - Iowa State 5 | TOP OF THE 3RD |
---|
Rutgers Scarlet Knights batting - Pitching for Iowa State Cyclones : RHP Ray Reyes | Batting: RHB Norm Gunn | 0-0: Ball 1-0: Called Strike 1-1: Called Strike 1-2: Ball 2-2: Fly out, F9 (Flyball, 9LSF) | Batting: LHB Dennis Montgomery | 0-0: Ball 1-0: Foul Ball, location: 2F 1-1: Called Strike 1-2: Foul Ball, location: 2F 1-2: Strikes out swinging | Batting: SHB Pat Brock | 0-0: SINGLE (Groundball, 4MD) | Batting: LHB Andre Montgomery | 0-0: Ball 1-0: Ball 2-0: Ball 3-0: Called Strike 3-1: Base on Balls Pat Brock to second | Batting: RHB Howard Battle | 0-0: Called Strike 0-1: Ball 1-1: Ball 2-1: Swinging Strike 2-2: Foul Ball, location: 2F 2-2: Ball 3-2: SINGLE (Groundball, 6MD) Pat Brock to third Andre Montgomery to second Pat Brock scores Andre Montgomery to third | Batting: RHB Harry Wilkins | 0-0: Ball 1-0: Foul Ball, location: 2F 1-1: Ball 2-1: Ball 3-1: Ground out 6-3 (Groundball, 6M) | Top of the 3rd over - 1 run, 2 hits, 0 errors, 2 left on base; Rutgers 1 - Iowa State 5 | BOTTOM OF THE 3RD |
---|
Iowa State Cyclones batting - Pitching for Rutgers Scarlet Knights : RHP Steven Lawson | Batting: LHB Marty Gómez | 0-0: Ball 1-0: Ball 2-0: Ball 3-0: Called Strike 3-1: Called Strike 3-2: Foul Ball, location: 2F 3-2: Foul Ball, location: 2F 3-2: Base on Balls | Batting: RHB Ollie Johnson | 0-0: Ball 1-0: Fly out, F5 (Line Drive, 5) | Batting: LHB Dale González | 0-0: Ball 1-0: Ball 2-0: Called Strike 2-1: Fly out, F7 (Flyball, 7D) Runner from 1st tags up, SAFE at 2nd | Batting: RHB Jimmy Stokes | 0-0: Ball 1-0: Swinging Strike 1-1: SINGLE (Line Drive, 6MD) Marty Gómez to third Runner from 3rd tries for Home, throw and OUT! | Bottom of the 3rd over - 0 runs, 1 hit, 0 errors, 1 left on base; Rutgers 1 - Iowa State 5 | TOP OF THE 4TH |
---|
Rutgers Scarlet Knights batting - Pitching for Iowa State Cyclones : RHP Ray Reyes | Batting: RHB Randy Guthrie | 0-0: Ball 1-0: Foul Ball, location: 2F 1-1: Called Strike 1-2: Strikes out looking | Batting: RHB Michael Gibson | 0-0: Called Strike 0-1: Ball 1-1: Called Strike 1-2: Foul Ball, location: 2F 1-2: Reached via error on a dropped throw, E1 | Batting: RHB Joseph McCarteney | 0-0: Called Strike 0-1: Swinging Strike 0-2: Strikes out swinging | Batting: RHB Norm Gunn | 0-0: Ball 1-0: Ground out 6-3 (Groundball, 6S) | Top of the 4th over - 0 runs, 0 hits, 1 error, 1 left on base; Rutgers 1 - Iowa State 5 | BOTTOM OF THE 4TH |
---|
Iowa State Cyclones batting - Pitching for Rutgers Scarlet Knights : RHP Steven Lawson | Batting: LHB Mike O'Bryan | 0-0: Ball 1-0: Called Strike 1-1: SINGLE (Line Drive, 7S) | Batting: RHB Carlos Santana | 0-0: Ball 1-0: Ball 2-0: Ball 3-0: Called Strike 3-1: Foul Ball, location: 2F 3-2: Ground out 5-3 (Groundball, 56S) Mike O'Bryan to second | Batting: SHB Ralph Marshall | 0-0: Ball 1-0: Foul Ball, location: 2F 1-1: Foul Ball, location: 2F 1-2: Ball 2-2: Fly out, F8 (Flyball, 8LM) | Pitching: RHP Brett Bennett | | Batting: LHB Alberto Paz | 0-0: Foul Ball, location: 2F 0-1: Called Strike 0-2: Ball 1-2: SINGLE (Line Drive, 78S) Mike O'Bryan to third Runner from 3rd tries for Home, SAFE, throw made home | Batting: LHB Geoffrey Poole | 0-0: Ball 1-0: Called Strike 1-1: SINGLE (Line Drive, 89S) Alberto Paz to second | Batting: LHB Marty Gómez | 0-0: Ball 1-0: Ball 2-0: Foul Ball, location: 2F 2-1: Ground out U3 (Groundball, 3L) | Bottom of the 4th over - 1 run, 3 hits, 0 errors, 2 left on base; Rutgers 1 - Iowa State 6 | TOP OF THE 5TH |
---|
Rutgers Scarlet Knights batting - Pitching for Iowa State Cyclones : RHP Ray Reyes | Batting: LHB Dennis Montgomery | 0-0: Ball 1-0: Ball 2-0: Called Strike 2-1: Ground out 3-1 (Groundball, 34) | Batting: SHB Pat Brock | 0-0: Ball 1-0: Foul Ball, location: 2F 1-1: SINGLE (Line Drive, 4MD) | Pitching: RHP Loren Parker | | Batting: LHB Andre Montgomery | 0-0: Ball 1-0: Ball 2-0: Foul Ball, location: 2F 2-1: Ball 3-1: Base on Balls Pat Brock to second | Batting: RHB Howard Battle | 0-0: Foul Ball, location: 2F 0-1: Ball 1-1: Foul Ball, location: 2F 1-2: Strikes out swinging | Batting: RHB Harry Wilkins | 0-0: Foul Ball, location: 2F 0-1: Ball 1-1: Ball 2-1: Ball 3-1: Called Strike 3-2: Base on Balls Pat Brock to third Andre Montgomery to second | Batting: RHB Randy Guthrie | 0-0: Ball 1-0: Ball 2-0: Called Strike 2-1: Foul Ball, location: 2F 2-2: Strikes out swinging | Top of the 5th over - 0 runs, 1 hit, 0 errors, 3 left on base; Rutgers 1 - Iowa State 6 | BOTTOM OF THE 5TH |
---|
Iowa State Cyclones batting - Pitching for Rutgers Scarlet Knights : RHP Brett Bennett | Batting: RHB Ollie Johnson | 0-0: Called Strike 0-1: Ball 1-1: Ball 2-1: Foul Ball, location: 2F 2-2: Ball 3-2: Foul Ball, location: 2F 3-2: Foul Ball, location: 2F 3-2: Base on Balls | Batting: LHB Dale González | 0-0: SINGLE (Groundball, 4D) Ollie Johnson to second Runner from 2nd tries for 3rd, OUT! Dale González to second | Batting: RHB Jimmy Stokes | 0-0: Ball 1-0: SINGLE (Line Drive, 8LS) Dale González to third | Batting: LHB Mike O'Bryan | 0-0: Ball Jimmy Stokes steals 2nd base 1-0: Called Strike 1-1: SINGLE (Line Drive, 7S) Dale González scores Jimmy Stokes to third | Batting: RHB Carlos Santana | 0-0: Called Strike Mike O'Bryan steals 2nd base 0-1: Called Strike 0-2: Ball 1-2: Ball 2-2: Strikes out looking | Batting: SHB Ralph Marshall | 0-0: Swinging Strike 0-1: Swinging Strike 0-2: Ball 1-2: Strikes out looking | Bottom of the 5th over - 1 run, 3 hits, 0 errors, 2 left on base; Rutgers 1 - Iowa State 7 | TOP OF THE 6TH |
---|
Rutgers Scarlet Knights batting - Pitching for Iowa State Cyclones : RHP Loren Parker | Batting: RHB Michael Gibson | 0-0: Called Strike 0-1: Ball 1-1: Ball 2-1: Ground out 6-3 (Groundball, 6) | Batting: RHB Joseph McCarteney | 0-0: Ball 1-0: Foul Ball, location: 2F 1-1: Foul Ball, location: 2F 1-2: Strikes out swinging | Batting: RHB Norm Gunn | 0-0: Ground out 5-3 (Groundball, 56S) | Top of the 6th over - 0 runs, 0 hits, 0 errors, 0 left on base; Rutgers 1 - Iowa State 7 | BOTTOM OF THE 6TH |
---|
Iowa State Cyclones batting - Pitching for Rutgers Scarlet Knights : RHP Brett Bennett | Batting: LHB Alberto Paz | 0-0: Ball 1-0: Called Strike 1-1: Ball 2-1: Foul Ball, location: 2F 2-2: Fly out, F7 (Line Drive, 78S) | Batting: LHB Geoffrey Poole | 0-0: Called Strike 0-1: Ball 1-1: Ball 2-1: Ball 3-1: Base on Balls | Batting: LHB Marty Gómez | 0-0: Foul Ball, location: 2F 0-1: Ball 1-1: Swinging Strike 1-2: Strikes out swinging | Batting: RHB Ollie Johnson | 0-0: Ball 1-0: Fielders Choice at 2nd, 5-4 (Groundball, 5L) | Bottom of the 6th over - 0 runs, 0 hits, 0 errors, 1 left on base; Rutgers 1 - Iowa State 7 | TOP OF THE 7TH |
---|
Rutgers Scarlet Knights batting - Pitching for Iowa State Cyclones : RHP Loren Parker | Batting: LHB Dennis Montgomery | 0-0: Called Strike 0-1: Fly out, F4 (Popup, 4) | Batting: SHB Pat Brock | 0-0: Ball 1-0: Ball 2-0: Ball 3-0: Base on Balls | Batting: LHB Andre Montgomery | 0-0: Ball 1-0: Called Strike 1-1: Ball Pat Brock steals 2nd base 2-1: Ball 3-1: Called Strike 3-2: Strikes out swinging | Batting: RHB Howard Battle | 0-0: Ball 1-0: Foul Ball, location: 2F 1-1: Foul Ball, location: 2F 1-2: Ground out 3-1 (Groundball, 34) | Top of the 7th over - 0 runs, 0 hits, 0 errors, 1 left on base; Rutgers 1 - Iowa State 7 | BOTTOM OF THE 7TH |
---|
Iowa State Cyclones batting - Pitching for Rutgers Scarlet Knights : RHP Brett Bennett | Batting: LHB Dale González | 0-0: Called Strike 0-1: Swinging Strike 0-2: Ball 1-2: Ball 2-2: Ball 3-2: Foul Ball, location: 2F 3-2: Foul Ball, location: 2F 3-2: Base on Balls | Pitching: RHP Brad Saunders | | Batting: RHB Jimmy Stokes | 0-0: DOUBLE (Line Drive, 7LM) Dale González to third | Batting: LHB Mike O'Bryan | 0-0: Called Strike 0-1: SINGLE (Line Drive, 34) Dale González scores Jimmy Stokes to third | Batting: RHB Carlos Santana | 0-0: Foul Ball, location: 2F 0-1: Ball 1-1: Foul Ball, location: 2F 1-2: Foul Ball, location: 2F 1-2: Ball 2-2: Foul Ball, location: 2F 2-2: Foul Ball, location: 2F 2-2: Ball 3-2: Base on Balls Mike O'Bryan to second | Batting: SHB Ralph Marshall | 0-0: Fly out, F8 (Flyball, 78D) Runner from 3rd tags up, SCORES, no throw | Batting: LHB Alberto Paz | 0-0: Ball 1-0: Ball 2-0: Ball 3-0: Base on Balls Mike O'Bryan to third Carlos Santana to second | Batting: LHB Geoffrey Poole | 0-0: Ball 1-0: Ball 2-0: Ball 3-0: Base on Balls Mike O'Bryan scores Carlos Santana to third Alberto Paz to second | Batting: LHB Marty Gómez | 0-0: Ball Wild Pitch! Carlos Santana scores Alberto Paz to third Geoffrey Poole to second 1-0: SINGLE (Groundball, 4MD) Alberto Paz scores Geoffrey Poole to third | Pitching: RHP Tim Jackson | | Batting: RHB Ollie Johnson | 0-0: Grounds into double play, 4-6-3 (Groundball, 4) | Bottom of the 7th over - 5 runs, 3 hits, 0 errors, 1 left on base; Rutgers 1 - Iowa State 12 | BOTTOM OF THE 8TH |
---|
Iowa State Cyclones batting - Pitching for Rutgers Scarlet Knights : RHP Tim Jackson | Batting: LHB Dale González | 0-0: Ground out 4-3 (Groundball, 4S) | Batting: RHB Jimmy Stokes | 0-0: Ball 1-0: Fly out, F8 (Flyball, 8RD) | Batting: LHB Mike O'Bryan | 0-0: Foul Ball, location: 2F 0-1: Ball 1-1: Ball 2-1: Ball 3-1: Fly out, F6 (Popup, 6MS) | Bottom of the 8th over - 0 runs, 0 hits, 0 errors, 0 left on base; Rutgers 2 - Iowa State 12 | TOP OF THE 9TH |
---|
Rutgers Scarlet Knights batting - Pitching for Iowa State Cyclones : RHP Ron Burns | Batting: LHB Andre Montgomery | 0-0: Foul Ball, location: 2F 0-1: Foul Ball, location: 2F 0-2: Foul Ball, location: 2F 0-2: Ball 1-2: Strikes out looking | Batting: RHB Howard Battle | 0-0: Ground out U3 (Groundball, 3) | Batting: RHB Harry Wilkins | 0-0: Ball 1-0: Ball 2-0: Ground out 3-1 (Groundball, 34) | Top of the 9th over - 0 runs, 0 hits, 0 errors, 0 left on base; Rutgers 2 - Iowa State 12 | |